 Dungeon Sprint DCSS version 0.21-a0-356-g45b0a09 (webtiles) character file.

274745 Kidiri the Conqueror (level 17, -1/187 (191) HPs)
             Began as a White Draconian Berserker on Oct 12, 2017.
             Was the Champion of Trog.
             Succumbed to poison (dark miasma)
             ... in the Dungeon (Sprint III: "The Ten Rune Challenge") on Oct 13, 2017.
             The game lasted 02:24:48 (19832 turns).

Kidiri the Conqueror (White Draconian Berserker)   Turns: 19832, Time: 02:24:49

HP:   -1/187 (191)  AC: 14    Str: 41    XL:     17   Next: 95%
MP:   28/28         EV: 24    Int: 10    God:    Trog [******]
Gold: 636           SH:  5    Dex:  7    Spells: 16/16 levels left

rFire    + + +     SeeInvis +   a - +7 great mace "Undeadhunter" {disrupt, rN+}
rCold    + + +     Gourm    .   (shield currently unavailable)
rNeg     + + .     Faith    .   (armour unavailable)
rPois    +         Spirit   .   g - +0 hat of the Three Hells {*Contam rPois rC+ rN+}
rElec    .         Reflect  +   r - scarf of Goodd {rF++ MR+ Dex-2}
rCorr    +         Harm     .   S - +3 pair of gloves of Wariness {rC+ rCorr Str+3 SInv}
MR       +++..     NoTele   +   n - +0 pair of boots of Pragmatism {-Tele Str+8 Dex-5 Stlth+}
Stlth    +.........             O - +5 amulet of reflection
HPRegen  0.41/turn              v - ring "Vegyrphyck" {+Blink rF+ EV+2 Str+4 SInv}
MPRegen  0.21/turn              W - ring of Darkness {MR+ Str+3 Int+2 Stlth-}

@: lethally poisoned (-1 -> -54), berserk cooldown, starving, slowed, very slow
A: breathe frost, unfitting armour, horns 1, blink, cold resistance 2, evolution
1, cold-blooded, AC +9
}: 5/10 runes: decaying, serpentine, silver, golden, iron
a: Breathe Frost, Blink, Berserk, Trog's Hand, Brothers in Arms, Burn
Spellbooks, Renounce Religion, Evoke Blink


You were in the Dungeon.
You worshipped Trog.
Trog was exalted by your worship.
You were starving.

You visited 1 branch You collected 2495 gold pieces.
You spent 1859 gold pieces at shops.

Inventory:

Hand Weapons
 a - the +7 great mace "Undeadhunter" (weapon) {disrupt, rN+}
   (Trog gifted it to you in the Dungeon)

   It protects you from negative energy.
 b - the +10 morningstar "Eos" {elec, Halo rElec}
   (Trog gifted it to you in the Dungeon)

   Occasionally, upon striking a foe, it will discharge some electrical energy
   and cause terrible harm.
   It insulates you from electricity.
Missiles
 d - 27 poisoned javelins
 q - 15 javelins of returning
 t - 21 throwing nets
 x - 17 javelins of penetration (quivered)
 K - 20 steel javelins
 X - 14 javelins
 Y - 5 silver javelins
Armour
 c - a +1 cloak of magic resistance
 g - the +0 hat of the Three Hells (worn) {*Contam rPois rC+ rN+}
   (You acquired it in the Dungeon)

   It protects you from cold.
   It protects you from poison.
   It protects you from negative energy.
   It causes magical contamination when unequipped.
 n - the +0 pair of boots of Pragmatism (worn) {-Tele Str+8 Dex-5 Stlth+}
   (You found it in the Dungeon)

   It affects your strength (+8).
   It affects your dexterity (-5).
   It prevents most forms of teleportation.
   It makes you more stealthy.
 r - the scarf of Goodd (worn) {rF++ MR+ Dex-2}
   (You found it in the Dungeon)

   It affects your dexterity (-2).
   It greatly protects you from fire.
   It affects your resistance to hostile enchantments.
 R - a +2 pair of boots of running
 S - the +3 pair of gloves of Wariness (worn) {rC+ rCorr Str+3 SInv}
   (You acquired it in the Dungeon)

   It affects your strength (+3).
   It protects you from cold.
   It lets you see invisible.
   It protects you from acid and corrosion.
 U - a +6 large shield of reflection
Jewellery
 v - the ring "Vegyrphyck" (left hand) {+Blink rF+ EV+2 Str+4 SInv}
   (You found it in the Dungeon)

   [ring of evasion]

   It affects your evasion (+2).
   It affects your strength (+4).
   It protects you from fire.
   It lets you see invisible.
   It lets you blink.
 O - a +5 amulet of reflection (around neck)
 Q - an uncursed ring of flight
 W - the ring of Darkness (right hand) {MR+ Str+3 Int+2 Stlth-}
   (You found it in the Dungeon)

   [ring of loudness]

   It affects your strength (+3).
   It affects your intelligence (+2).
   It affects your resistance to hostile enchantments.
   It makes you less stealthy.
Wands
 i - a wand of flame (20/48)
 y - a wand of clouds (4/9)
 L - a wand of confusion (27/48)
 T - a wand of iceblast (11/15)
Scrolls
 e - 3 scrolls of enchant weapon
 f - 5 scrolls of fear
 j - 2 scrolls of silence
 k - a scroll of holy word
 l - a scroll of immolation
 m - a scroll of remove curse
 o - a scroll of torment
 w - a scroll of summoning
 E - a scroll of brand weapon
 I - 2 scrolls of recharging
Potions
 s - 3 potions of berserk rage
 u - 4 potions of curing
 z - a potion of ambrosia
 B - a potion of agility
 C - 2 potions of brilliance
 D - 4 potions of flight
 G - 3 potions of haste
 H - a potion of cancellation
 J - 2 potions of invisibility
 M - 3 potions of magic
 N - 2 potions of might
 P - 6 potions of mutation
 V - a potion of resistance
Comestibles
 p - a royal jelly


   Skills:
 O Level 27 Fighting
 * Level 26.9 Maces & Flails
 + Level 19.0 Throwing
 * Level 25.2 Dodging
 * Level 22.9 Shields
 + Level 15.6 Evocations


You had 16 spell levels left.
You didn't know any spells.

Dungeon Overview and Level Annotations

Branches:
Dungeon (1/1)

Altars:
Cheibriados
Dithmenos
Elyvilon
Fedhas
Gozag
Hepliaklqana
Kikubaaqudgha
Makhleb
Nemelex Xobeh
Okawaru
Qazlal
Ru
Sif Muna
Trog
Uskayaw
Vehumet
Wu Jian
Xom
Yredelemnul
Zin
The Shining One
Beogh
Jiyva
Lugonu

Shops:
D :%([=?[%}[%}=((?}:%:?![}

Annotations:
D exclusion: 8 doors


Innate Abilities, Weirdness & Mutations

You can breathe waves of freezing cold.
You can buffet flying creatures when you breathe cold.
Your icy white scales are hard. (AC +9)
You cannot fit into any form of body armour.
Your flesh is very cold resistant. (rC++)
You are cold-blooded and may be slowed by cold attacks.
You have a pair of small horns on your head.
You can translocate small distances at will.
You evolve.


Message History

You sock the shadow! You headbutt the shadow.
Your tail-slap misses the shadow.
The shadow is severely damaged.
* * * LOW HITPOINT WARNING * * *
You feel very sick. You block the shadow's attack.
Unknown command.
You thump the shadow!
You destroy the shadow!
Trog accepts your kill.
* * * LOW HITPOINT WARNING * * *
You feel very sick.
Unknown command.
* * * LOW HITPOINT WARNING * * *
You feel very sick.
Unknown command.
You feel a strong urge to attack something.
You are no longer berserk.
You are exhausted.
You feel as though you will be slow longer.
You die...

..............((.)))........')..'
.................((.........#...#
.................(..§§§.....#...#
#######+#############§###########
***≈≈≈≈≈≈≈≈≈*#§§§#§§§§#.§§#*,,,,
*,*≈***≈≈****#(§.+.§§§+.§§#*,,,,
**+*≈*,*≈≈*,* *§§§#§§§§#§§.#*,,,,
*≈≈≈≈*+*≈≈*+***#§########+##*,,,,
*≈≈≈≈≈≈≈≈≈≈≈≈* #@§§§§§§§§§# *,,,,
*≈≈≈≈***≈≈≈≈≈**#+##########**,***
****≈+,*≈≈*+***,,,*,,,,,,,,**,*,*
*,+≈***≈≈*,* *,,,+,,,,,,,,**,***
***≈≈≈≈≈≈*** *,,,*,,,,,,,,**,,,,
******** *******************


There were no monsters in sight!

Vanquished Creatures
  Gloorx Vloq (D)
  Dispater (D)
  Mara (D)
  4 greater mummies (D)
  Boris (D)
  Frederick (D)
  Xtahua (D)
  Sigmund (D)
  Geryon (D)
  A golden dragon (D)
  Nikola (D)
  A lich (D)
  Rupert (D)
  An iron giant (D)
  3 Hell Sentinels (D)
  A quicksilver dragon (D)
  An ancient champion (D)
  A deep elf master archer (D)
  Gastronok (D)
  2 sphinxes (D)
  Chuck (D)
  3 shadow dragons (D)
  A storm dragon (D)
  4 azure jellies (D)
  A fire giant (D)
  A nagaraja (D)
  An iron dragon (D)
  Roxanne (D)
  4 war gargoyles (D)
  2 deep elf demonologists (D)
  4 stone giants (D)
  2 vampire knights (D)
  Azrael (D)
  A deep elf annihilator (D)
  A dire elephant (D)
  3 fire dragons (D)
  8 mummy priests (D)
  3 yaktaur captains (D)
  2 deep elf high priests (D)
  Erolcha (D)
  An ice dragon (shapeshifter) (D)
  An ogre mage (D)
  3 hydras (D)
  A naga warrior (D)
  2 centaur warriors (D)
  12 vault guards (D)
  2 hell beasts (D)
  2 iron elementals (D)
  4 dancing weapons (D)
  A death yak (D)
  A satyr (shapeshifter) (D)
  3 anacondas (D)
  A titan zombie (D)
  An iron golem (D)
  2 sun demons (D)
  2 soul eaters (D)
  A shadow wraith (D)
  8 skeletal warriors (D)
  A spriggan druid (D)
  A death drake (D)
  2 obsidian statues (D)
  A lindwurm (D)
  3 ugly things (D)
  A mana viper (shapeshifter) (D)
  2 oklob plants (D)
  An orc sorcerer (D)
  2 orc knights (D)
  2 deep elf magi (D)
  4 crystal guardians (D)
  A stone giant skeleton (D)
  3 rust devils (D)
  An elephant (D)
  A guardian serpent (shapeshifter) (D)
  A guardian serpent (D)
  A molten gargoyle (D)
  7 black mambas (D)
  4 statues (D)
  2 spiny frogs (D)
  A rime drake (D)
  4 anaconda simulacra (D)
  2 ice devils (D)
  A komodo dragon (D)
  13 guardian mummies (D)
  8 yaktaurs (D)
  3 hornets (D)
  4 spriggan defenders (D)
  A tyrant leech (D)
  An orc high priest (D)
  8 blink frogs (D)
  9 slime creatures (D)
  A redback (shapeshifter) (D)
  4 redbacks (D)
  2 spriggans (D)
  6 shadows (D)
  A warg (shapeshifter) (D)
  A spatial vortex (D)
  A naga (D)
  2 iron troll simulacra (D)
  2 water moccasins (D)
  2 hell hounds (D)
  4 orc warriors (D)
  A swamp drake (D)
  3 wandering mushrooms (D)
  A necrophage (D)
  A black mamba simulacrum (D)
  3 two-headed ogres (D)
  A water elemental (D)
  5 killer bees (D)
  6 electric eels (D)
  3 quasits (D)
  An orc priest (D)
  A jelly (D)
  An orc wizard (D)
  Jessica (D)
  A necromancer (D)
  A wizard (D)
  2 polar bear simulacra (D)
  A wolf simulacrum (D)
  3 humans (D)
  A kobold demonologist (D)
  7 adders (D)
  A phantom (D)
  10 orcs (D)
  3 rats (D)
  5 ballistomycetes (D)
  8 bushes (D)
  8 butterflies (D)
  23 plants (D)
343 creatures vanquished.

Vanquished Creatures (collateral kills)
  A greater mummy (D)
  A golden dragon (D)
  A stone giant (D)
  A deep elf annihilator (D)
  A dire elephant (D)
  3 mummy priests (D)
  4 vault guards (D)
  3 death yaks (D)
  Urug (D)
  2 deep elf knights (D)
  2 deep elf magi (D)
  An elephant (D)
  A black mamba (D)
  Edmund (D)
  7 guardian mummies (D)
  A queen bee (D)
  A tyrant leech (D)
  A redback (D)
  A naga (D)
  2 water moccasins (D)
  2 two-headed ogres (D)
  27 killer bees (D)
  2 orc priests (D)
  3 plants (D)
70 creatures vanquished.

Vanquished Creatures (others)
  2 draconian scorchers (D)
  Nessos (D)
  2 yaktaur captains (D)
  A mummy priest (D)
  6 hellions (D)
  4 yaktaurs (D)
  A guardian mummy (D)
  2 ball lightnings (D)
  6 ballistomycete spores (D)
  8 plants (D)
33 creatures vanquished.

Grand Total: 446 creatures vanquished

Notes
Turn   | Place    | Note
-------+----------+-------------------------------------------
     0 | D        | Kidiri the Draconian Berserker began the quest for the Orb.
     0 | D        | Reached XP level 1. HP: 19/19 MP: 1/1
    15 | D        | Noticed Jessica
    19 | D        | Killed Jessica
    19 | D        | Reached ** piety under Trog
    19 | D        | Reached skill level 4 in Fighting
    19 | D        | Reached skill level 1 in Throwing
    19 | D        | Reached XP level 2. HP: 25/28 MP: 2/2
    49 | D        | Killed a yaktaur
    65 | D        | Reached skill level 5 in Fighting
    65 | D        | Reached XP level 3. HP: 36/36 MP: 3/3
    83 | D        | Killed a hellion
    84 | D        | Killed a hellion
    84 | D        | Killed a hellion
    84 | D        | Killed a hellion
    84 | D        | Killed a hellion
   126 | D        | Gained mutation: You have a pair of small horns on your head. [potion of mutation]
   126 | D        | Gained mutation: You evolve. [potion of mutation]
   126 | D        | Gained mutation: You are agile. (Dex +2) [potion of mutation]
   155 | D        | Killed a hellion
   155 | D        | Killed a white draconian scorcher
   158 | D        | Killed a white draconian scorcher
   174 | D        | Noticed a water elemental
   179 | D        | Killed a water elemental
   179 | D        | Reached *** piety under Trog
   179 | D        | Reached skill level 6 in Fighting
   179 | D        | Reached skill level 5 in Maces & Flails
   179 | D        | Reached skill level 5 in Dodging
   179 | D        | Reached XP level 4. HP: 44/44 MP: 4/4
   238 | D        | Found a radiant altar of Vehumet.
   238 | D        | Found a deep blue altar of Sif Muna.
   238 | D        | Found an ancient bone altar of Kikubaaqudgha.
   238 | D        | Noticed a wizard
   240 | D        | Killed a wizard
   240 | D        | Reached **** piety under Trog
   244 | D        | Noticed an ice devil
   245 | D        | Noticed a smoke demon
   245 | D        | Reached XP level 5. HP: 51/51 MP: 5/5
   281 | D        | Found a glowing silver altar of Zin.
   282 | D        | Found a glowing golden altar of the Shining One.
   282 | D        | Found a white marble altar of Elyvilon.
   282 | D        | Noticed a deep elf mage
   291 | D        | Killed a deep elf mage
   291 | D        | Reached skill level 9 in Fighting
   291 | D        | Reached skill level 5 in Throwing
   291 | D        | Reached XP level 6. HP: 45/64 MP: 6/6
   291 | D        | Your scales start taking on an icy white colour.
   291 | D        | Reached XP level 7. HP: 49/70 MP: 7/7
   291 | D        | Gained mutation: Your flesh is cold resistant. (rC+) [White Draconian growth]
   450 | D        | Found an ornate altar of the Wu Jian Council.
   450 | D        | Found a roughly hewn altar of Beogh.
   450 | D        | Found an iron altar of Okawaru.
   450 | D        | Found a bloodstained altar of Trog.
   450 | D        | Found a hide-covered altar of Uskayaw.
   450 | D        | Noticed a human
   450 | D        | Noticed a human
   456 | D        | Killed a human
   462 | D        | Killed a human
   462 | D        | Reached ***** piety under Trog
   462 | D        | Reached skill level 10 in Fighting
   518 | D        | Found a basalt altar of Yredelemnul.
   518 | D        | Found a shadowy altar of Dithmenos.
   518 | D        | Found a sacrificial altar of Ru.
   578 | D        | Noticed a shadow
   582 | D        | Killed a shadow
   582 | D        | Reached XP level 8. HP: 80/80 MP: 8/8
   584 | D        | Received a gift from Trog
   584 | D        | Reached skill level 10 in Maces & Flails
   596 | D        | Found a blossoming altar of Fedhas.
   596 | D        | Found a stormy altar of Qazlal.
   596 | D        | Found a snail-covered altar of Cheibriados.
   596 | D        | Found a burning altar of Makhleb.
   596 | D        | Found a shimmering altar of Xom.
   597 | D        | Found a hazy altar of Hepliaklqana.
   597 | D        | Found an opulent altar of Gozag.
   597 | D        | Found a sparkling altar of Nemelex Xobeh.
   597 | D        | Found a corrupted altar of Lugonu.
   597 | D        | Found a viscous altar of Jiyva.
   613 | D        | Reached skill level 11 in Fighting
   808 | D        | Noticed a two-headed ogre
   815 | D        | Killed a two-headed ogre
   815 | D        | Reached skill level 10 in Dodging
   866 | D        | Noticed a two-headed ogre
   866 | D        | Noticed Erolcha
   871 | D        | Killed a two-headed ogre
   878 | D        | Killed Erolcha
   878 | D        | Reached skill level 12 in Fighting
   878 | D        | Reached XP level 9. HP: 80/91 MP: 9/9
  1319 | D        | Received a gift from Trog
  1323 | D        | Reached skill level 13 in Fighting
  1332 | D        | Received a gift from Trog
  1345 | D        | Received a gift from Trog
  1349 | D        | Received a gift from Trog
  1351 | D        | Noticed a queen bee
  1353 | D        | Reached ****** piety under Trog
  1353 | D        | Received a gift from Trog
  1359 | D        | Killed a queen bee
  1363 | D        | Received a gift from Trog
  1364 | D        | Found the +7 great mace "Undeadhunter" {disrupt, rN+}
  1435 | D        | Killed a yaktaur
  1463 | D        | Noticed a wandering mushroom
  1467 | D        | Noticed a wandering mushroom
  1470 | D        | Noticed a wandering mushroom
  1562 | D        | Reached XP level 10. HP: 79/101 MP: 10/10
  1646 | D        | Noticed a spiny frog
  1646 | D        | Noticed a spiny frog
  1654 | D        | Killed a spiny frog
  1662 | D        | Killed a spiny frog
  1662 | D        | Reached skill level 14 in Fighting
  1669 | D        | Received a gift from Trog
  1922 | D        | Received a gift from Trog
  1965 | D        | Noticed a lindwurm
  1973 | D        | Killed a lindwurm
  2274 | D        | Noticed Urug
  2277 | D        | Killed Urug
  2300 | D        | Gained mutation: You can translocate small distances at will. [evolution]
  2429 | D        | Received a gift from Trog
  2429 | D        | Reached skill level 15 in Fighting
  2458 | D        | Received a gift from Trog
  2608 | D        | Received a gift from Trog
  2624 | D        | Reached XP level 11. HP: 39/111 MP: 11/11
  2879 | D        | Noticed Rupert
  2894 | D        | Killed Rupert
  2894 | D        | Received a gift from Trog
  2894 | D        | Reached skill level 16 in Fighting
  2894 | D        | Reached skill level 10 in Throwing
  2914 | D        | Noticed an azure jelly
  2914 | D        | Noticed an azure jelly
  2914 | D        | Noticed an azure jelly
  2914 | D        | Noticed an azure jelly
  3067 | D        | Noticed a death yak
  3068 | D        | Noticed a death yak
  3069 | D        | Noticed a death yak
  3070 | D        | Noticed a death yak
  3080 | D        | Killed a death yak
  3083 | D        | Killed a death yak
  3083 | D        | Reached skill level 15 in Maces & Flails
  3088 | D        | Killed a death yak
  3094 | D        | Killed a death yak
  3106 | D        | Received a gift from Trog
  3340 | D        | Received a gift from Trog
  3408 | D        | Noticed an anaconda
  3412 | D        | Killed an anaconda
  3424 | D        | Reached skill level 17 in Fighting
  3424 | D        | Received a gift from Trog
  3646 | D        | Noticed an anaconda
  3650 | D        | Killed an anaconda
  3654 | D        | Noticed an anaconda
  3664 | D        | Killed an anaconda
  3664 | D        | Reached skill level 15 in Dodging
  3664 | D        | Reached XP level 12. HP: 98/124 MP: 12/12
  3669 | D        | Received a gift from Trog
  3670 | D        | Found the +10 morningstar "Eos" {elec, Halo rElec}
  4011 | D        | Noticed a naga warrior
  4011 | D        | Noticed a nagaraja
  4021 | D        | Killed a nagaraja
  4026 | D        | Killed a naga warrior
  4026 | D        | Received a gift from Trog
  4027 | D        | Found Wiom's Book Boutique.
  4027 | D        | Found Jotsefas's Food Emporium.
  4043 | D        | Found Kocrykach's Antique Weapon Shop.
  4068 | D        | Got a serpentine rune of Zot
  4402 | D        | Noticed a dire elephant
  4402 | D        | Noticed a dire elephant
  4402 | D        | Noticed Gastronok
  4405 | D        | Killed a dire elephant
  4405 | D        | Reached skill level 18 in Fighting
  4407 | D        | Killed Gastronok
  4407 | D        | Received a gift from Trog
  4412 | D        | Killed a dire elephant
  4413 | D        | Received a gift from Trog
  4657 | D        | Found Lulibrin's Antique Armour Boutique.
  4669 | D        | Received a gift from Trog
  4684 | D        | Received a gift from Trog
  4698 | D        | Got a bloodstained dire flail {god gift}
  4771 | D        | Bought a glowing buckler for 210 gold pieces
  5012 | D        | Identified the +1 dire flail of Hipnes {holy, rElec rN+} (Trog gifted it to you in the Dungeon)
  5170 | D        | Received a gift from Trog
  5170 | D        | Reached skill level 1 in Shields
  5201 | D        | Noticed a deep elf annihilator
  5202 | D        | Noticed a deep elf demonologist
  5318 | D        | Noticed a deep elf annihilator
  5322 | D        | Noticed a deep elf high priest
  5339 | D        | Killed a deep elf demonologist
  5339 | D        | Received a gift from Trog
  5521 | D        | Noticed a deep elf high priest
  5527 | D        | Noticed a deep elf demonologist
  5537 | D        | Killed a deep elf annihilator
  5537 | D        | Received a gift from Trog
  5737 | D        | Noticed an Ice Fiend
  5737 | D        | Noticed a deep elf master archer
  5739 | D        | Noticed a Hell Sentinel
  5739 | D        | Killed a deep elf demonologist
  5739 | D        | Reached skill level 19 in Fighting
  5739 | D        | Reached XP level 13. HP: 92/136 MP: 13/13
  6127 | D        | Killed a deep elf annihilator
  6127 | D        | Received a gift from Trog
  6132 | D        | Received a gift from Trog
  6132 | D        | Reached skill level 5 in Shields
  6463 | D        | Killed a deep elf master archer
  7282 | D        | Found a blossoming altar of Fedhas.
  7292 | D        | Received a gift from Trog
  7345 | D        | Noticed a fire dragon
  7362 | D        | Killed a fire dragon
  7419 | D        | Found Loigigha's Jewellery Emporium.
  7419 | D        | Found Feb Tiuti's Magic Scroll Shop.
  7419 | D        | Noticed a fire dragon
  7439 | D        | Killed a fire dragon
  7525 | D        | Gained mutation: You are resistant to hostile enchantments. (MR+) [evolution]
  7536 | D        | Found Yheloz's Antique Armour Shoppe.
  7543 | D        | Bought a scroll of fear for 42 gold pieces
  7543 | D        | Bought a scroll of magic mapping for 42 gold pieces
  7543 | D        | Bought a scroll of summoning for 114 gold pieces
  7543 | D        | Bought a scroll of identify for 24 gold pieces
  7543 | D        | Bought a scroll of fear for 42 gold pieces
  7543 | D        | Bought a scroll of identify for 24 gold pieces
  7543 | D        | Bought 2 scrolls of enchant weapon for 180 gold pieces
  7543 | D        | Bought a scroll of identify for 24 gold pieces
  8071 | D        | Noticed Sigmund
  8071 | D        | Noticed Edmund
  8076 | D        | Killed Edmund
  8077 | D        | Killed Sigmund
  8077 | D        | Received a gift from Trog
  8077 | D        | Reached skill level 20 in Fighting
  8280 | D        | Received a gift from Trog
  8472 | D        | Received a gift from Trog
  8487 | D        | Found Xysmah's Book Emporium.
  8487 | D        | Found Yna Saur's Book Shop.
  8487 | D        | Found Amurinew's Magic Scroll Boutique.
  8487 | D        | Found Owko's Gadget Shoppe.
  8487 | D        | Found Fuadghuo's Gadget Boutique.
  8487 | D        | Found Geuwk's Food Emporium.
  8487 | D        | Found Netec's Antique Weapon Shoppe.
  8487 | D        | Found Wodoitu's Antique Armour Shop.
  8487 | D        | Found Goocir's Weapon Shop.
  8487 | D        | Found Xaose's Distillery.
  8487 | D        | Found Mikueki's Jewellery Emporium.
  8487 | D        | Found Quus's Magic Scroll Boutique.
  8505 | D        | Bought a scroll of identify for 26 gold pieces
  8505 | D        | Bought a scroll of blinking for 97 gold pieces
  8505 | D        | Bought a scroll of identify for 26 gold pieces
  8513 | D        | Bought a potion of curing for 42 gold pieces
  8513 | D        | Bought a potion of ambrosia for 112 gold pieces
  8513 | D        | Bought a potion of curing for 42 gold pieces
  8513 | D        | Bought a potion of agility for 56 gold pieces
  8513 | D        | Bought a potion of haste for 140 gold pieces
  8513 | D        | Bought a potion of might for 56 gold pieces
  8513 | D        | Bought a potion of curing for 42 gold pieces
  8513 | D        | Bought a potion of resistance for 140 gold pieces
  8513 | D        | Bought a potion of cancellation for 112 gold pieces
  8513 | D        | Bought a potion of might for 56 gold pieces
  8513 | D        | Bought a potion of curing for 42 gold pieces
  8514 | D        | Bought a scroll of fear for 45 gold pieces
  8514 | D        | Bought a scroll of recharging for 123 gold pieces
  8560 | D        | Received a gift from Trog
  8570 | D        | Got a bone morningstar {god gift}
  8571 | D        | Identified the +7 morningstar "Nyxky" {drain, rN++ Dex-5} (Trog gifted it to you in the Dungeon)
  8787 | D        | Noticed a fire dragon
  8794 | D        | Killed a fire dragon
  8959 | D        | Got a scorched ivory ring
  8960 | D        | Identified the ring "Ifadint" {rF+ rC- Int+2 Dex+9 Slay+2} (You found it in the Dungeon)
  8978 | D        | Received a gift from Trog
  8994 | D        | Received a gift from Trog
  9033 | D        | Got a slimy morningstar
  9035 | D        | Identified the +0 morningstar "Namokkiva" {protect, rN+} (You found it in the Dungeon)
  9069 | D        | Received a gift from Trog
  9069 | D        | Reached skill level 10 in Shields
  9094 | D        | Received a gift from Trog
  9111 | D        | Received a gift from Trog
  9121 | D        | Reached XP level 14. HP: 78/148 MP: 14/14
  9443 | D        | Noticed Chuck
  9444 | D        | Received a gift from Trog
  9445 | D        | Got a crystal morningstar {god gift}
  9445 | D        | Gained mutation: Your flesh is very cold resistant. (rC++) [evolution]
  9449 | D        | Identified the +6 morningstar of Qakhydef {drain, rPois Int+5 Dex-4} (Trog gifted it to you in the Dungeon)
  9459 | D        | Killed Chuck
  9470 | D        | Received a gift from Trog
  9605 | D        | Noticed Frederick
  9617 | D        | Killed Frederick
  9617 | D        | Received a gift from Trog
  9617 | D        | Reached skill level 21 in Fighting
  9768 | D        | Noticed a lich
  9771 | D        | Killed a lich
  9797 | D        | Noticed a shadow dragon
  9797 | D        | Noticed a shadow dragon
  9804 | D        | Killed a shadow dragon
  9804 | D        | Received a gift from Trog
  9808 | D        | Killed a shadow dragon
  9808 | D        | Received a gift from Trog
  9929 | D        | Received a gift from Trog
  9937 | D        | Got a jewelled longbow {god gift}
 10046 | D        | Identified the +0 longbow of the Pyrrhic Victory {freeze, +Inv Dex+4} (Trog gifted it to you in the Dungeon)
 10242 | D        | Noticed an ancient lich
 10297 | D        | Got a bloodstained glaive
 10298 | D        | Identified the cursed +1 glaive of Keuduhoz {chop, +Inv rC+ Str+3 Stlth+} (You found it in the Dungeon)
 10406 | D        | Lost mutation: You are resistant to hostile enchantments. (MR+) [evolution]
 10483 | D        | Noticed a reaper
 10490 | D        | Received a gift from Trog
 10631 | D        | Noticed a sphinx
 10631 | D        | Noticed a sphinx
 10642 | D        | Killed a sphinx
 10642 | D        | Received a gift from Trog
 10642 | D        | Reached skill level 22 in Fighting
 10648 | D        | Killed a sphinx
 10830 | D        | Received a gift from Trog
 10907 | D        | HP: 6/155 [jiangshi[a mummy priest] (18)]
 11420 | D        | Noticed a reaper
 11650 | D        | Noticed a quicksilver dragon
 11651 | D        | Noticed a fire giant
 11651 | D        | Noticed a golden dragon
 11652 | D        | Noticed a stone giant
 11653 | D        | Noticed a stone giant
 11653 | D        | Noticed a golden dragon
 11653 | D        | Noticed a stone giant
 11668 | D        | Received a gift from Trog
 11678 | D        | Killed a stone giant
 11678 | D        | Received a gift from Trog
 11678 | D        | Reached XP level 15. HP: 138/162 MP: 15/15
 11683 | D        | Killed a golden dragon
 11686 | D        | Killed a quicksilver dragon
 11686 | D        | Received a gift from Trog
 11692 | D        | Killed a fire giant
 11738 | D        | Reached skill level 23 in Fighting
 11741 | D        | Received a gift from Trog
 11855 | D        | Reached skill level 15 in Throwing
 11855 | D        | Reached skill level 15 in Shields
 11945 | D        | Noticed a shadow dragon
 11966 | D        | Killed a shadow dragon
 12191 | D        | Received a gift from Trog
 12258 | D        | Killed a golden dragon
 12405 | D        | Got a glittering jade ring
 12758 | D        | Identified the ring "Foxoyd" {Str+3 Int+5} (You took it off a vault guard in the Dungeon)
 12838 | D        | Received a gift from Trog
 12838 | D        | Received a gift from Trog
 12840 | D        | Got a silver rune of Zot
 13160 | D        | Received a gift from Trog
 13162 | D        | Received a gift from Trog
 13166 | D        | Received a gift from Trog
 13171 | D        | Noticed a greater mummy
 13194 | D        | Killed Nessos
 13219 | D        | Killed a greater mummy
 13225 | D        | Got a flickering bone amulet
 13231 | D        | Identified the amulet of Soh Wuto {Faith *Slow rPois rC+ Slay+4} (You took it off a greater mummy in the Dungeon)
 13629 | D        | Noticed a greater mummy
 13788 | D        | Killed a greater mummy
 13788 | D        | Received a gift from Trog
 13788 | D        | Reached skill level 24 in Fighting
 13881 | D        | Got a scintillating silver amulet
 13887 | D        | Got a slimy chain mail
 13894 | D        | Got a golden rune of Zot
 13904 | D        | Identified the amulet of Ricsok {Faith SInv} (You took it off a greater mummy in the Dungeon)
 14207 | D        | Noticed Xtahua
 14217 | D        | Killed Xtahua
 14226 | D        | Got a decaying rune of Zot
 14594 | D        | Received a gift from Trog
 14598 | D        | Received a gift from Trog
 14609 | D        | Got a twitching lead ring
 14618 | D        | Identified the ring of Darkness {MR+ Str+3 Int+2 Stlth-} (You found it in the Dungeon)
 14991 | D        | Got a brightly glowing hat
 15002 | D        | Identified the +4 hat "Xeytaesoj" {Str+5 Int+4} (You acquired it in the Dungeon)
 15003 | D        | Got a jewelled hat
 15014 | D        | Identified the +0 hat of the Three Hells {*Contam rPois rC+ rN+} (You acquired it in the Dungeon)
 15033 | D        | Identified a +1 pair of boots of running (You acquired it in the Dungeon)
 15034 | D        | Got a pair of spiked gloves
 15040 | D        | Identified the +3 pair of gloves of Wariness {rC+ rCorr Str+3 SInv} (You acquired it in the Dungeon)
 15070 | D        | Received a gift from Trog
 15070 | D        | Received a gift from Trog
 15078 | D        | Received a gift from Trog
 15180 | D        | Got an ivory hand crossbow
 15188 | D        | Got a coiled marble ring
 15209 | D        | Got a bound amethyst amulet
 15248 | D        | Identified the ring "Vegyrphyck" {+Blink rF+ EV+2 Str+4 SInv} (You found it in the Dungeon)
 15252 | D        | Identified the amulet of Tufulox {rPois Regen+ Int+4} (You took it off a deep elf high priest in the Dungeon)
 15257 | D        | Identified the +6 hand crossbow "Kaasuc" {elec, +Inv rC+ Int+3 Dex+3} (You found it in the Dungeon)
 15336 | D        | Reached skill level 1 in Evocations
 15490 | D        | Noticed Azrael
 15497 | D        | Killed Azrael
 15497 | D        | Reached XP level 16. HP: 132/176 MP: 16/18
 15519 | D        | Got a flickering lapis lazuli ring
 15521 | D        | Identified the ring "Poty" {rC+ Int+2 Dex+3} (You acquired it in the Dungeon)
 15812 | D        | Received a gift from Trog
 15821 | D        | Got a warped mace {god gift}
 15822 | D        | Identified the +5 mace of Parts Unknown {drain, rC+ rN+} (Trog gifted it to you in the Dungeon)
 15907 | D        | Received a gift from Trog
 15908 | D        | Noticed Boris
 15916 | D        | Killed Boris
 15916 | D        | Received a gift from Trog
 15916 | D        | Reached skill level 5 in Evocations
 16110 | D        | Received a gift from Trog
 16167 | D        | Found Durrid Gerr's Gadget Emporium.
 16167 | D        | Found Fugikkou's Food Shop.
 16167 | D        | Found Veucauf's Armour Shop.
 16167 | D        | Found Rinkuh's Gadget Shoppe.
 16190 | D        | Found Ytumurpho's Food Boutique.
 16198 | D        | Received a gift from Trog
 16228 | D        | Received a gift from Trog
 16228 | D        | Reached skill level 25 in Fighting
 16285 | D        | Received a gift from Trog
 16291 | D        | Got an ancient flail {god gift}
 16292 | D        | Identified the +1 flail of Fear {holy, rF+ Str+4 Stlth+} (Trog gifted it to you in the Dungeon)
 16640 | D        | Received a gift from Trog
 16756 | D        | Noticed Nikola
 16756 | D        | Noticed a storm dragon
 16767 | D        | Killed a storm dragon
 16790 | D        | Killed Nikola
 16790 | D        | Received a gift from Trog
 16834 | D        | Noticed Mara
 16866 | D        | Noticed Kidiri's illusion
 16883 | D        | Killed Mara
 16883 | D        | Received a gift from Trog
 16886 | D        | Reached skill level 10 in Evocations
 16913 | D        | Noticed an ancient champion
 16917 | D        | Killed an ancient champion
 17241 | D        | Noticed Roxanne
 17255 | D        | Killed Roxanne
 17256 | D        | Received a gift from Trog
 17256 | D        | Received a gift from Trog
 17261 | D        | Got a scorched flail {god gift}
 17262 | D        | Identified the +10 flail of Agony {flame, rF+ rC+ Dex+4} (Trog gifted it to you in the Dungeon)
 17307 | D        | Reached skill level 26 in Fighting
 17333 | D        | Noticed Geryon
 17337 | D        | Received a gift from Trog
 17349 | D        | Received a gift from Trog
 17356 | D        | Received a gift from Trog
 17385 | D        | HP: 7/180 [hell beast[Geryon] (10)]
 17451 | D        | Killed Geryon
 17451 | D        | Received a gift from Trog
 17749 | D        | Lost mutation: You are agile. (Dex +2) [evolution]
 17884 | D        | Received a gift from Trog
 17886 | D        | Reached XP level 17. HP: 190/190 MP: 26/26
 18044 | D        | Noticed an iron giant
 18061 | D        | Killed an iron giant
 18061 | D        | Received a gift from Trog
 18358 | D        | Received a gift from Trog
 18378 | D        | Noticed a Hell Sentinel
 18383 | D        | Killed a Hell Sentinel
 18383 | D        | Received a gift from Trog
 18383 | D        | Reached skill level 27 in Fighting
 18403 | D        | Got a pair of brightly glowing boots
 18403 | D        | Got a polished scarf
 18414 | D        | Identified the scarf of Goodd {rF++ MR+ Dex-2} (You found it in the Dungeon)
 18424 | D        | Identified the +0 pair of boots of Pragmatism {-Tele Str+8 Dex-5 Stlth+} (You found it in the Dungeon)
 18619 | D        | Noticed a Hell Sentinel
 18619 | D        | Noticed a Hell Sentinel
 18619 | D        | Noticed Dispater
 18627 | D        | Killed a Hell Sentinel
 18639 | D        | Killed a Hell Sentinel
 18654 | D        | Killed Dispater
 18656 | D        | Received a gift from Trog
 18656 | D        | Received a gift from Trog
 18691 | D        | Got an iron rune of Zot
 19082 | D        | Noticed a greater mummy
 19082 | D        | Noticed a greater mummy
 19085 | D        | Killed a greater mummy
 19097 | D        | Killed a greater mummy
 19097 | D        | Received a gift from Trog
 19495 | D        | Noticed a greater mummy
 19505 | D        | Killed a greater mummy
 19505 | D        | Reached skill level 15 in Evocations
 19511 | D        | Received a gift from Trog
 19808 | D        | Noticed Gloorx Vloq
 19809 | D        | Received a gift from Trog
 19822 | D        | Killed Gloorx Vloq
 19822 | D        | Received a gift from Trog
 19829 | D        | HP: 13/280 [poison (dark miasma)]
 19831 | D        | HP: 5/280 [poison (dark miasma)]
 19832 | D        | Succumbed to poison (dark miasma)

Vault maps used:
D:        dungeon_sprint_mu

Skill      XL: |  1  2  3  4  5  6  7  8  9 10 11 12 13 14 15 16 17 |
---------------+----------------------------------------------------+-----
Fighting       | 4 5 6 9 10 12 13 15 17 19 20 22 24 26 27 | 27.0
Maces & Flails | 4 5 6 8 9 11 12 14 16 17 19 21 22 24 26 | 26.9
Throwing       | 1 2 3 5 6 7 8 9 10 12 13 14 16 17 19 | 19.0
Dodging        | 3 4 5 8 9 11 13 15 16 18 19 21 23 25 | 25.2
Shields        | 4 10 14 17 20 22 | 22.9
Evocations     | 3 12 15 | 15.6

Action                   |  1- 3 |  4- 6 |  7- 9 | 10-12 | 13-15 | 16-18 || total
-------------------------+-------+-------+-------+-------+-------+-------++-------
Melee: Mace              |    18 |    10 |    39 |       |       |       ||    67
       Tailslap          |     1 |     2 |     9 |    38 |   100 |    94 ||   244
       Headbutt          |     1 |     3 |    24 |    48 |   149 |   137 ||   362
       Dire flail        |       |       |    33 |       |       |       ||    33
       Great mace        |       |       |    15 |   151 |    70 |    97 ||   333
       Morningstar       |       |       |       |    89 |   354 |   267 ||   710
       Glaive            |       |       |       |       |     9 |       ||     9
Throw: Throwing net      |       |       |       |     1 |       |       ||     1
       Javelin           |       |       |       |    15 |    44 |    18 ||    77
Invok: Berserk           |     2 |     1 |     4 |    12 |    18 |     9 ||    46
       Burn Spellbooks   |       |     1 |       |       |     5 |     2 ||     8
       Brothers in Arms  |       |       |     4 |    14 |    12 |     6 ||    36
 Abil: Breathe Frost     |       |       |    10 |    12 |     7 |     1 ||    30
       Blink             |       |       |       |       |    11 |       ||    11
       Evoke Flight      |       |       |       |       |     6 |     5 ||    11
  Use: Potion            |     1 |       |       |       |     3 |     7 ||    11
       Scroll            |       |       |     2 |       |    19 |    10 ||    31
 Stab: Confused          |       |       |       |     2 |       |       ||     2
       Held in net/web   |       |       |       |     1 |     1 |     3 ||     5
       Distracted        |       |       |       |       |     1 |     2 ||     3
  Eat: Fruit             |       |       |     4 |       |     7 |       ||    11
       Chunk             |       |       |     6 |    18 |    24 |     6 ||    54
       Royal jelly       |       |       |     1 |     3 |    13 |     8 ||    25
       Bread ration      |       |       |       |     2 |     1 |       ||     3
Armor: Skin              |     2 |       |     5 |    14 |    22 |    45 ||    88
Dodge: Dodged            |    12 |     1 |    82 |   176 |   221 |   287 ||   779
Block: Buckler           |       |       |       |       |    26 |       ||    26
       Large shield      |       |       |       |       |    90 |   379 ||   469
       Reflection        |       |       |       |       |    12 |     9 ||    21
       Other             |       |       |       |       |     6 |    27 ||    33

Table legend:
 A = Spawn XP
 B = Non-spawn XP
 C = Spawn XP percentage of total XP
 D = Spawn monster count
 E = Non-spawn monster count
 F = Spawn count percentage of total count
 G = Total turns spent on level
                    A         B        C        D         E        F      G
               +---------+---------+-------+---------+---------+-------+---------
         Total |       0 |  286863 |   0.0 |       0 |     369 |   0.0 | 19832
               +---------+---------+-------+---------+---------+-------+---------
             D |       0 |  286863 |   0.0 |       0 |     369 |   0.0 | 19832
               +---------+---------+-------+---------+---------+-------+---------
